[Event "Annex CC Backyard Barbecue"]
[Site "Toronto CAN"]
[Date "2013.06.17"]
[Round "4"]
[White "Udrea, Chris"]
[Black "Cohen, David"]
[Result "0-1"]
[ECO "E62"]
[WhiteElo "1964"]
[BlackElo "1845"]
[PlyCount "132"]
[GameId "2160767740551355"]
[EventDate "2013.06.17"]
[EventType "swiss"]
[EventRounds "4"]
[EventCountry "CAN"]
[TimeControl "5400+30"]

1. d4 Nf6 2. c4 g6 3. Nf3 Bg7 4. Nc3 O-O 5. g3 d6 6. Bg2 Bg4 7. Qb3 Qc8 8. Ng5 c6 9. O-O h6 10. Nge4 Nxe4 11. Nxe4 Bxe2 12. Re1 Bg4 13. Be3 Na6 14. Rac1 Kh7 15. f3 Bd7 16. a3 Rb8 17. Qd3 Nc7 18. h4 Bh3 19. Bh1 Bf5 20. g4 Bxg4 21. fxg4 Qxg4+ 22. Bg2 f5 23. Nf2 Qxh4 24. Nh3 e5 25. Bf2 Qf6 26. dxe5 dxe5 27. Bxa7 Rbd8 28. Qb3 e4 29. Qxb7 Rf7 30. Rcd1 Nb5 31. Qb6 Rxd1 32. Rxd1 Nxa7 33. b4 Qc3 34. Qd8 Qxc4 35. Nf4 Nb5 36. Bf1 Qb3 37. Bxb5 cxb5 38. Qd5 Qxd5 39. Rxd5 Bb2 40. Rxb5 Bxa3 41. Rb8 Bb2 42. Nd5 Bd4+ 43. Kf1 Rd7 44. Rb5 Kg7 45. Ke2 g5 46. Ne3 Bxe3 47. Kxe3 Rd3+ 48. Ke2 Kg6 49. Re5 Rb3 50. b5 g4 51. Kf2 Kg5 52. Rc5 h5 53. Rc2 Rxb5 54. Ra2 h4 55. Kg2 h3+ 56. Kh2 Kh4 57. Ra1 g3+ 58. Kh1 Rb4 59. Rf1 Kg4 60. Rc1 f4 61. Rg1 e3 62. Rc1 Rd4 63. Rg1 e2 64. Rg2 hxg2+ 65. Kxg2 f3+ 66. Kg1 e1=R# 0-1

[Event "Annex CC Polar Bear"]
[Site "Toronto CAN"]
[Date "2013.02.04"]
[Round "5"]
[White "Cohen, David"]
[Black "Oganesyan, Hayk"]
[Result "0-1"]
[ECO "E71"]
[WhiteElo "1675"]
[BlackElo "1825"]
[PlyCount "50"]
[GameId "2160767740551362"]
[EventDate "2013.01.07"]
[EventType "swiss"]
[EventRounds "5"]
[EventCountry "CAN"]
[TimeControl "5400+30"]

1. d4 Nf6 2. c4 g6 3. Nc3 Bg7 4. e4 d6 5. h3 O-O 6. Be3 e5 7. d5 Na6 8. Bd3 Nc5 9. Nge2 a5 10. Qc2 Nh5 11. g4 Nf4 12. Nxf4 exf4 13. Bd2 a4 14. O-O-O Bd7 15. Bxf4 a3 16. b3 Qf6 17. Ne2 Nxd3+ 18. Rxd3 b5 19. Qc3 Qe7 20. Qd2 bxc4 21. Re3 cxb3 22. Rxb3 Qxe4 23. f3 Qc4+ 24. Kb1 Rfb8 25. Nc1 Ba4 0-1

[Event "Annex CC-ch"]
[Site "Toronto CAN"]
[Date "2013.03.04"]
[Round "3"]
[White "Cohen, David"]
[Black "Henry, Liam"]
[Result "0-1"]
[ECO "E90"]
[WhiteElo "1675"]
[BlackElo "2125"]
[PlyCount "86"]
[GameId "2160767740551361"]
[EventDate "2013.02.11"]
[EventType "swiss"]
[EventRounds "6"]
[EventCountry "CAN"]
[TimeControl "5400+30"]

1. d4 Nf6 2. c4 g6 3. Nc3 Bg7 4. e4 d6 5. h3 O-O 6. Nf3 e5 7. d5 Na6 8. Bd3 Nc5 9. Bc2 a5 10. Bg5 h6 11. Be3 Qe8 12. O-O Nh5 13. Qd2 g5 14. Rab1 Nf4 15. Bxf4 exf4 16. b3 Qe7 17. Rfe1 h5 18. e5 dxe5 19. Ne4 Nxe4 20. Bxe4 g4 21. hxg4 hxg4 22. Nh2 Ra6 23. d6 Qxd6 24. Qxd6 Rxd6 25. f3 f5 26. Bc2 Rd2 27. Rbc1 e4 28. Red1 Bd4+ 29. Kf1 Rxd1+ 30. Rxd1 g3 31. Ng4 c5 32. Ke2 fxg4 33. Bxe4 Kg7 34. Rh1 Rh8 35. Rxh8 Kxh8 36. Kd3 Kg7 37. a3 Kf6 38. Ke2 b6 39. Kd3 Bf5 40. fxg4 Bxe4+ 41. Kxe4 Kg5 42. Kf3 Bb2 43. a4 Bd4 0-1

[Event "CAN-op"]
[Site "Ottawa CAN"]
[Date "2013.07.15"]
[Round "4"]
[White "Chan, James"]
[Black "Cohen, David"]
[Result "1-0"]
[ECO "B68"]
[WhiteElo "2184"]
[BlackElo "1866"]
[PlyCount "77"]
[GameId "2160767739579302"]
[EventDate "2013.07.13"]
[EventType "swiss"]
[EventRounds "9"]
[EventCountry "CAN"]
[TimeControl "5400+30"]

1. e4 c5 2. Nf3 d6 3. d4 cxd4 4. Nxd4 Nf6 5. Nc3 Nc6 6. Bg5 e6 7. Qd2 Be7 8. O-O-O a6 9. f4 Bd7 10. Nf3 Qc7 11. e5 dxe5 12. fxe5 Ng4 13. Bxe7 Nxe7 14. h3 Nh6 15. Qg5 Nhf5 16. g4 h6 17. Qf4 g5 18. Qh2 Bc6 19. gxf5 Bxf3 20. fxe6 O-O 21. Rd7 Qc5 22. Bg2 fxe6 23. Bxf3 Rxf3 24. Re1 Rxc3 25. bxc3 Qxc3 26. Kd1 Nf5 27. Qe2 Rc8 28. Qd3 Qa5 29. Qb3 Re8 30. c3 b5 31. Kc1 Qb6 32. Qd1 Qa5 33. Qb3 Qb6 34. Kb1 Ne3 35. Rd6 Qc7 36. Rxe3 Qf7 37. Qd1 Qf5+ 38. Qd3 Qf7 39. Rf3 1-0

[Event "CAN-op"]
[Site "Ottawa CAN"]
[Date "2013.07.16"]
[Round "5"]
[White "Armstrong, Robert J"]
[Black "Cohen, David"]
[Result "0-1"]
[ECO "E81"]
[WhiteElo "1590"]
[BlackElo "1866"]
[PlyCount "60"]
[GameId "2160767739579303"]
[EventDate "2013.07.13"]
[EventType "swiss"]
[EventRounds "9"]
[EventCountry "CAN"]
[TimeControl "5400+30"]

1. d4 Nf6 2. c4 g6 3. Nc3 Bg7 4. e4 d6 5. f3 O-O 6. Be3 Nbd7 7. g4 c5 8. Nge2 cxd4 9. Nxd4 Nc5 10. h4 h5 11. g5 Nh7 12. Qc2 a5 13. f4 Bd7 14. f5 Qb6 15. Nd5 Qd8 16. Bh3 Be5 17. O-O-O e6 18. Nf4 Bxf4 19. Bxf4 e5 20. Bxe5 dxe5 21. Nf3 Qc7 22. Rd5 Rfe8 23. Rhd1 Nf8 24. Bg2 b6 25. Rd6 Bc6 26. Ng1 Rad8 27. Rf6 Rxd1+ 28. Qxd1 Nxe4 29. Bxe4 Bxe4 30. fxg6 Qxc4+ 0-1

[Event "CAN-op"]
[Site "Ottawa CAN"]
[Date "2013.07.17"]
[Round "6"]
[White "Low, Ethan"]
[Black "Cohen, David"]
[Result "0-1"]
[ECO "B76"]
[WhiteElo "1372"]
[BlackElo "1866"]
[PlyCount "122"]
[GameId "2160767739579305"]
[EventDate "2013.07.13"]
[EventType "swiss"]
[EventRounds "9"]
[EventCountry "CAN"]
[TimeControl "5400+30"]

1. e4 c5 2. Nf3 d6 3. d4 cxd4 4. Nxd4 Nf6 5. Nc3 Nc6 6. f3 g6 7. Be3 Bg7 8. Qd2 O-O 9. Be2 Re8 10. O-O Bd7 11. Rad1 a6 12. Rfe1 b5 13. b3 Qc7 14. f4 b4 15. Nd5 Nxd5 16. exd5 Nxd4 17. Bxd4 Bxd4+ 18. Qxd4 a5 19. Bd3 Bc8 20. Re3 Ba6 21. Bxa6 Rxa6 22. Rd2 Qa7 23. Qxa7 Rxa7 24. c4 bxc3 25. Rxc3 Rb8 26. Kf2 Kg7 27. g4 a4 28. Kf3 axb3 29. Rxb3 Rba8 30. Rbb2 Ra3+ 31. Kg2 R8a4 32. Rf2 Rd3 33. Rbe2 Rxd5 34. Rxe7 Rdd4 35. Kg3 d5 36. h3 h6 37. f5 g5 38. f6+ Kg6 39. Rd7 Rd3+ 40. Kg2 Ra8 41. Kh2 Ra6 42. Kg2 Rxf6 43. Rxf6+ Kxf6 44. a4 Ke6 45. Rd8 Ra3 46. Rh8 Rxa4 47. Rxh6+ Ke5 48. Rh7 f6 49. Re7+ Kf4 50. Re2 Ra6 51. Rd2 Rd6 52. Kf2 Ke4 53. Kg3 Ke3 54. Rd1 d4 55. Kg2 Ke2 56. Rf1 d3 57. Rf2+ Kd1 58. Rf1+ Kd2 59. Rf2+ Kc1 60. Rf1+ Kc2 61. Rf2+ d2 0-1

[Event "Calgary int."]
[Site "Calgary CAN"]
[Date "2013.05.19"]
[Round "8"]
[White "Mikhalevski, Victor"]
[Black "Piasetski, Leon"]
[Result "1/2-1/2"]
[Annotator ",VLAD"]
[ECO "A37"]
[WhiteElo "2551"]
[BlackElo "2282"]
[PlyCount "110"]
[GameId "2160767738168117"]
[EventDate "2013.05.14"]
[EventType "swiss"]
[EventRounds "9"]
[EventCountry "CAN"]
[TimeControl "5400"]

1. Nf3 g6 2. g3 Bg7 3. Bg2 c5 4. c4 Nc6 5. Nc3 e5 6. O-O Nge7 7. Ne1 O-O 8. Nc2 d6 9. Ne3 Nf5 10. Ned5 Nce7 11. Rb1 Nxd5 12. Nxd5 Bd7 13. b4 cxb4 14. Rxb4 Rb8 15. d3 b5 16. cxb5 Rxb5 17. Bd2 Nd4 18. e3 Ne6 19. Rxb5 Bxb5 20. Qb3 a6 21. Bb4 Nc5 22. Bxc5 dxc5 23. Rc1 Qd6 24. a4 Bd7 25. Qb6 Qxb6 26. Nxb6 Bf5 27. Be4 Rb8 28. a5 Bf8 29. Bxf5 gxf5 30. Kf1 Rb7 31. e4 fxe4 32. dxe4 f6 33. Ke2 Kf7 34. Kd3 Rb8 35. Rb1 Ke6 36. Kc4 Kd6 37. Rb3 Be7 38. f4 exf4 39. gxf4 Bd8 40. e5+ fxe5 41. fxe5+ Ke6 42. Rh3 Rb7 43. Rh5 Rg7 44. Kxc5 Rg5 45. Rxg5 Bxg5 46. Nc4 Bd8 47. Kd4 Bc7 48. Ke4 Bb8 49. h4 h5 50. Nd6 Bc7 51. Nb7 Bxe5 52. Nc5+ Kd6 53. Nb7+ Ke6 54. Nc5+ Kd6 55. Nxa6 Bc3 1/2-1/2

[Event "Calgary int."]
[Site "Calgary CAN"]
[Date "2013.05.20"]
[Round "9"]
[White "Van Kampen, Robin"]
[Black "Jayakumar, Adarsh"]
[Result "1-0"]
[Annotator ",VLAD"]
[ECO "B51"]
[WhiteElo "2580"]
[BlackElo "2336"]
[PlyCount "67"]
[GameId "2160767738237752"]
[EventDate "2013.05.14"]
[EventType "swiss"]
[EventRounds "9"]
[EventCountry "CAN"]
[TimeControl "5400"]

1. e4 c5 2. Nf3 d6 3. Bb5+ Nd7 4. O-O a6 5. Bd3 g6 6. c3 Bg7 7. Bc2 e6 8. d4 Ne7 9. Bf4 e5 10. Be3 exd4 11. cxd4 O-O 12. Nc3 Nc6 13. Bg5 Qa5 14. d5 Nce5 15. Nd2 Qb4 16. Rb1 f6 17. a3 Qa5 18. Be3 b5 19. f4 Nf7 20. Ne2 Qc7 21. Ng3 Nb6 22. Nf3 Nh6 23. f5 gxf5 24. Nh4 Nc4 25. Bf4 fxe4 26. Bxe4 f5 27. Bxh6 Bxh6 28. Nhxf5 Bxf5 29. Nxf5 Be3+ 30. Kh1 Rae8 31. Bd3 Qd8 32. Qg4+ Bg5 33. Bxc4 bxc4 34. h4 1-0

[Event "Greater Toronto Chess League Cup"]
[Site "Toronto CAN"]
[Date "2013.04.08"]
[Round "2"]
[White "Cohen, David"]
[Black "Xu, Jeffrey"]
[Result "0-1"]
[ECO "E53"]
[WhiteElo "1928"]
[BlackElo "1482"]
[PlyCount "102"]
[GameId "2160767740551357"]
[EventDate "2013.04.08"]
[EventType "team (rapid)"]
[EventRounds "5"]
[EventCountry "CAN"]
[WhiteTeam "Isolated Pawns"]
[BlackTeam "Ruthless Lions"]
[TimeControl "900+5"]

1. d4 e6 2. c4 Nf6 3. Nc3 Bb4 4. e3 O-O 5. Bd3 c5 6. Nf3 d5 7. O-O Qc7 8. cxd5 c4 9. Bc2 exd5 10. a3 Be7 11. e4 Be6 12. e5 Nfd7 13. Ng5 Bxg5 14. Bxg5 f6 15. Qh5 f5 16. f4 Qb6 17. Rad1 Qxb2 18. Rf3 Bf7 19. Qh4 Qxc2 20. Rh3 Bg6 21. e6 Nb6 22. Re1 Nc6 23. e7 Rfe8 24. Nb5 Qb2 25. Nc7 Qxd4+ 26. Kh1 Kf7 27. Ne6 Qd2 28. Rhe3 d4 29. R3e2 Qc3 30. Nxg7 Kxg7 31. Bf6+ Kf7 32. Re3 Qxe3 33. Rxe3 dxe3 34. Bc3 Nd5 35. Ba1 Rxe7 36. Kg1 e2 37. Qe1 c3 38. Kf2 Nd4 39. g3 Re3 40. Bxc3 Rf3+ 41. Kg2 Rxc3 42. Kf2 Rf3+ 43. Kg2 Ne3+ 44. Kh3 Nec2 45. Qa5 e1=Q 46. Qd5+ Qe6 47. Qxb7+ Qe7 48. Qxa8 Ne3 49. Qc8 Bh5 50. Qxf5+ Ndxf5 51. a4 Bg4# 0-1

[Event "Greater Toronto Chess League Cup"]
[Site "Toronto CAN"]
[Date "2013.04.08"]
[Round "3"]
[White "Cohen, David"]
[Black "Zeromskis, Egidijus"]
[Result "0-1"]
[ECO "E90"]
[WhiteElo "1928"]
[BlackElo "2035"]
[PlyCount "66"]
[GameId "2160767740551358"]
[EventDate "2013.04.08"]
[EventType "team (rapid)"]
[EventRounds "5"]
[EventCountry "CAN"]
[WhiteTeam "Isolated Pawns"]
[BlackTeam "Aurora"]
[TimeControl "900+5"]

1. d4 Nf6 2. c4 g6 3. Nc3 Bg7 4. e4 d6 5. h3 O-O 6. Nf3 Nbd7 7. Be3 e5 8. d5 Nc5 9. Qc2 Nfd7 10. g4 a5 11. b3 Nb8 12. Be2 f5 13. gxf5 gxf5 14. Bg5 Qe8 15. Rg1 Kh8 16. O-O-O Nba6 17. Rg2 fxe4 18. Nd2 Nb4 19. Qb1 Ncd3+ 20. Bxd3 Nxd3+ 21. Kc2 Rxf2 22. Rxf2 Nxf2 23. Rg1 Nxh3 24. Ncxe4 Nxg1 25. Qxg1 Qg6 26. Kc3 Bf5 27. Qe3 b6 28. Bh4 Rf8 29. Ng5 h6 30. Ne6 Bxe6 31. dxe6 Qxe6 32. Ne4 Qg4 33. Bg3 Rf3 0-1

[Event "Greater Toronto Chess League Cup"]
[Site "Toronto CAN"]
[Date "2013.04.08"]
[Round "4"]
[White "Diemer, Ulli"]
[Black "Cohen, David"]
[Result "0-1"]
[ECO "B50"]
[WhiteElo "1504"]
[BlackElo "1928"]
[PlyCount "100"]
[GameId "2160767740551359"]
[EventDate "2013.04.08"]
[EventType "team (rapid)"]
[EventRounds "5"]
[EventCountry "CAN"]
[WhiteTeam "Blackmar Diemers"]
[BlackTeam "Isolated Pawns"]
[TimeControl "900+5"]

1. e4 c5 2. Bc4 e6 3. Nc3 d6 4. Nf3 Nf6 5. d3 Nc6 6. O-O Be7 7. Bf4 O-O 8. a3 a6 9. e5 dxe5 10. Nxe5 Nxe5 11. Bxe5 b5 12. Ba2 Bb7 13. Re1 Qb6 14. Qe2 Rfd8 15. Kh1 Rac8 16. f3 Qc6 17. Ne4 Nxe4 18. fxe4 c4 19. Rad1 Bd6 20. Bxd6 Rxd6 21. d4 h6 22. c3 Rcd8 23. e5 R6d7 24. Bb1 Re8 25. Qc2 f5 26. exf6 gxf6 27. Kg1 Rg7 28. Rd2 Qd5 29. Rf2 Qg5 30. Qe2 f5 31. Bxf5 Kh8 32. Be4 Bc8 33. Ref1 Reg8 34. g3 Bd7 35. Bg2 h5 36. Rf8 h4 37. Rxg8+ Kxg8 38. Qf3 hxg3 39. Qf8+ Kh7 40. h3 Qe3+ 41. Kh1 e5 42. Qf3 Qh6 43. Qe4+ Kh8 44. dxe5 Bxh3 45. Rf8+ Rg8 46. Rxg8+ Kxg8 47. Qd5+ Be6+ 48. Kg1 Bxd5 49. Bxd5+ Kf8 50. e6 Qh2+ 0-1

[Event "Greater Toronto Chess League Cup"]
[Site "Toronto CAN"]
[Date "2013.04.08"]
[Round "5"]
[White "Cohen, David"]
[Black "Nasir, Zehn"]
[Result "0-1"]
[ECO "A52"]
[WhiteElo "1928"]
[BlackElo "1741"]
[PlyCount "70"]
[GameId "2160767740551360"]
[EventDate "2013.04.08"]
[EventType "team (rapid)"]
[EventRounds "5"]
[EventCountry "CAN"]
[WhiteTeam "Isolated Pawns"]
[BlackTeam "Annex Juniors"]
[TimeControl "900+5"]

1. d4 Nf6 2. c4 e5 3. dxe5 Ng4 4. Bf4 g5 5. Bg3 Bg7 6. Nf3 Nc6 7. e3 Ngxe5 8. Nxe5 Nxe5 9. Nc3 d6 10. Be2 Be6 11. O-O Qd7 12. Qb3 O-O-O 13. Nb5 a6 14. Nd4 h5 15. Nxe6 Qxe6 16. Rfd1 h4 17. Bxe5 Bxe5 18. Rac1 g4 19. c5 Qxb3 20. axb3 g3 21. cxd6 gxh2+ 22. Kh1 Rxd6 23. f4 Rxd1+ 24. Rxd1 Bxb2 25. Bg4+ Kb8 26. Kxh2 Re8 27. Rd3 Bc1 28. Rd7 Rxe3 29. Bd1 Re1 30. f5 f6 31. Kh3 Bg5 32. Kg4 Re3 33. Kh5 Rg3 34. Bf3 h3 35. Rd2 Bxd2 0-1

[Event "Quebec op inv."]
[Site "Montreal CAN"]
[Date "2013.07.21"]
[Round "2.9"]
[White "Gerzhoy, Leonid"]
[Black "Calugar, Arthur"]
[Result "1-0"]
[ECO "A16"]
[WhiteElo "2462"]
[BlackElo "2282"]
[PlyCount "57"]
[GameId "2160767739316927"]
[EventDate "2013.07.21"]
[EventType "swiss"]
[EventRounds "9"]
[EventCountry "CAN"]
[TimeControl "240+2"]

1. Nf3 Nf6 2. c4 g6 3. Nc3 d5 4. cxd5 Nxd5 5. Qa4+ Bd7 6. Qh4 Nxc3 7. dxc3 Nc6 8. e4 e5 9. Bg5 Be7 10. Bc4 h6 11. Bxe7 Qxe7 12. Qg3 O-O-O 13. O-O g5 14. Bd5 f6 15. Rfd1 Nb8 16. Ne1 Be6 17. Qe3 a6 18. c4 Bg4 19. f3 Be6 20. Nd3 c6 21. Nc5 cxd5 22. cxd5 Bd7 23. Rac1 Nc6 24. Nxa6 bxa6 25. d6 Qh7 26. Qa7 Be8 27. Qa8+ Kd7 28. Qxc6+ Ke6 29. Qd5+ 1-0

[Event "Quebec op inv."]
[Site "Montreal CAN"]
[Date "2013.07.21"]
[Round "2.13"]
[White "Rodriguez, Eric"]
[Black "Bruzon Batista, Lazaro"]
[Result "0-1"]
[ECO "B22"]
[WhiteElo "2290"]
[BlackElo "2689"]
[PlyCount "58"]
[GameId "2160767739316928"]
[EventDate "2013.07.21"]
[EventType "swiss"]
[EventRounds "9"]
[EventCountry "CAN"]
[TimeControl "240+2"]

1. e4 c5 2. c3 Nf6 3. e5 Nd5 4. d4 cxd4 5. Nf3 e6 6. cxd4 d6 7. Bc4 Be7 8. O-O O-O 9. Qe2 b6 10. Qe4 Ba6 11. b3 dxe5 12. dxe5 b5 13. Bd3 g6 14. Bh6 Re8 15. Nbd2 Nd7 16. Rac1 Nc5 17. Rxc5 Bxc5 18. Qg4 Nc3 19. Ne4 Be7 20. Bc2 Rc8 21. Nxc3 Rxc3 22. Be4 b4 23. Re1 Qb6 24. Bd2 Rc7 25. Ng5 Rd8 26. Qf3 Bf8 27. Be3 Qb5 28. Qh3 h6 29. Nxe6 Qe2 0-1